[Event "Invitational"]
[Site "Chess.com"]
[Date "2021.02.13"]
[Round "1"]
[White "Ackerman, Ryan"]
[Black "Van Weerdhuizen, Lane"]
[Result "0-1"]
[ECO "A41"]
[WhiteElo "1922"]
[BlackElo "1869"]
[Annotator "Lane Van Weerdhuizen"]
[PlyCount "76"]
[EventDate "2021.02.13"]
[EventType "tourn"]
[EventRounds "9"]
[TimeControl "3600+10"]

{[%evp 0,76,18,18,74,42,42,27,42,17,42,23,13,13,0,-21,83,80,81,-3,-36,-31,-35,
-22,-24,-24,-25,-31,-31,-31,-20,-13,-11,-5,-10,-5,-9,-3,-15,-32,-34,-44,2,8,22,
22,23,0,0,0,0,-34,-15,-61,-45,-36,-36,-100,-123,-126,-147,-168,-158,-484,-540,
-571,-389,-389,-402,-392,-446,-479,-505,-966,-990,-1047,-1376,-1484,-29980]
This was my first tournament since the 2012 US Open! I was very nervous going
into this game playing against another professional chess coach and highly
skilled chess player, Ryan Ackerman. I went into this tournament hoping for a
score of 4.0/9 (which I was able to achieve after my 7th round!) wanting to
prove to myself I could still compete with some of Washington’s best
players! Getting this first win in round one really boosted my confidence
going forward!} 1. d4 g6 2. c4 Bg7 3. e4 d6 4. Be2 Nc6 {I like my move here of
...Nc6 (analysis also agreed it was the best move). Adding some pressure on d4,
while keeping my Bishop on g7 unblocked!} 5. Be3 {Analysis says Nf3 is equal
here. I think Ackerman’s plan was to use his f-pawn aggressively, so Nf3
would have blocked that plan.} f5 {My best move here was 5...e5. I wanted to
play something more aggressive (since White has no knights developed yet). I
decided to play 5...f5 to attack the center and play something unpredictable!}
6. exf5 Bxf5 7. g4 $4 {Analysis says g4 is a blunder. Nf3/Nc3 are equal. g4
kinda blocks some of White’s pieces and attempts to displace my light bishop.
Here I had two options. I considered ...Bd7 (which was the best move according
to analysis) but I was worried my bishop would be too limited in space so I
decided to take the knight on b1 with a small tempo of ...Be4 to force f3 (and
block a good developing square for White’s knight!} Be4 8. f3 Bxb1 9. Rxb1 $4
{Analysis is such a fun thing. After ...Bxb1, White was supposed to play d5.
Such a hard Zwischenzug move to find, naturally. This move displaces my
c6-knight, while also making it harder to play a move like ...e5 later.} e5 {
I was able to find the best move here with ...d5 being slightly worse. Black
need to compete for the center and pawns are the best way to do it!} 10. d5 Nd4
{Once again, ...Nd4 is the best move by quite a bit; took me a bit to find it.
Looks scary, though, as I’m committing to having double pawns on the d-file
and it might be hard to hold onto the pawn after it goes to d4.} 11. Qa4+ Qd7
12. Qxd7+ Kxd7 {I really hate trading queens. I’m a very tactical player,
and the Queen is the best piece at making tactics. Ryan was able to force a
queen trade here and force me to go into an endgame!} 13. Bxd4 exd4 {Now
Ackerman creates my doubled pawn, the opposite-colored bishops help me protect
the pawn, and I’m planning on playing ...c5 ASAP. Best piece at protecting a
pawn is another pawn!} 14. Nh3 Re8 {Ackerman didn’t let me castle… so I
was going to make it very difficult for him to develop all of his pieces. With
the exception of his knight, I was able to really hold a lot of White’s
pieces in place.} 15. Nf4 Bh6 16. Ne6 Be3 {I saw Ackerman’s outpost that he
had on e6. It was an impressive outpost, and I was struggling at finding a way
to stop it from happening. I decided to get an outpost myself on e3 (which was
happy to find out later that analysis liked as well). My ...Be3 stopped White
from being able to castle and really controlled lots of important squares
White’s rooks/king wanted to move to!} 17. Rd1 c5 {Analysis didn't like ...
c5 as much as I did. Best move here was ...c6 or ...Nf6. My move wasn’t
terrible though.} 18. b4 b6 {Apparently we both blundered here! b4 was losing
a pawn, and I was supposed to take that pawn! I was worried my pawns would all
be too hard to defend if I captured b4.} 19. a3 Nh6 {...Nf6 was slightly
better. I wanted my knight to have the ability to go to f7 and then e5.} 20. f4
Rxe6 $1 {This was my favorite move of the game. And maybe my favorite move of
the tournament! This was me deciding I wanted to go for a win and try to
create some imbalances in my favor (analysis liked my move here as well).} 21.
dxe6+ Kxe6 22. Rf1 Rf8 23. f5+ gxf5 24. gxf5+ Ke5 {I saw after I sacrificed my
rook, I had the ability to get a knight and two pawns in return. I knew f4 was
going to be hard to defend. I decided winning that pawn back wasn’t worth it
as I wanted to keep more pieces on the board. Capturing the f-pawn would have
simplified things too much. Analysis agreed not to take the pawn, but
preferred ...Kf6 over the move I played.} 25. Bd3 Ng4 26. h3 Nf6 27. bxc5 dxc5
28. Ke2 Nh5 {I played ...Nh5 with the plan of relocating my knight to either
f5 or g3. When you are unsure of what kind of plan to make in chess, try to
find ways to make your weaker pieces stronger.} 29. Rf3 Nf4+ 30. Ke1 {
Interesting move here. Apparently, White’s best move was Rxf4 instead of Ke1.
Definitely would have simplified the game for White and make for an annoying
endgame of opposite-colored bishops. At this point Ackerman had just under
three minutes on his clock (while I was at seven minutes). I’m sure that
helped me at this point in the game.} Rg8 31. Rxe3+ dxe3 {Once again, Rxf4 was
the better move. Ackerman was down to 57 seconds at this point. My knight is
much stronger than my bishop.} 32. Bf1 Kxf5 {Analysis preferred ...Ke4 instead
of ...Kxf5.} 33. Rd7 Ke4 34. Re7+ Kf3 35. Rf7 Rg1 {The Rg1-pin locked up this
win. I knew ...e2 would be coming and I’m using all three of my pieces
together to help push my e-pawn up the file.} 36. Rxf4+ Kxf4 37. Ke2 Rxf1 38.
Kxf1 Kf3 {After winning the exchange and maintaining my passed e-pawn, I
decided to convert the advantage and play ...Rxf1. White resigned here and
after that it was on to Round two!} 0-1

[Event "Championship"]
[Site "Chess.com"]
[Date "2021.02.13"]
[Round "1"]
[White "Airapetian, Chouchanik"]
[Black "Koons, Nat"]
[Result "0-1"]
[ECO "C45"]
[WhiteElo "2104"]
[BlackElo "2290"]
[Annotator "Ralph Dubisch"]
[PlyCount "70"]
[EventDate "2021.02.13"]
[EventType "tourn"]
[EventRounds "9"]
[TimeControl "3600+10"]

1. e4 e5 2. Nf3 Nc6 3. d4 exd4 4. Nxd4 Qf6 (4... Bc5) ({and} 4... Nf6 {are the
most common moves here.}) 5. Be3 Qg6 $6 (5... Bc5 6. c3 Nge7 7. Bc4 Ne5 8. Be2
Qg6 {is the usual move order to threaten a pawn grab. After} 9. O-O {, however,
Black generally avoids the risk, and continues} d6 {with roughly balanced
chances and plenty of action to follow.} (9... Qxe4 $5 10. Nd2 (10. Nb5 $5 Bxe3
(10... Qc6 $2 11. Bxc5 Qxc5 12. Qd4 $1 {wins material for White.}) 11. Nxc7+
Kd8 12. Nxa8 {is wild and crazy, but could be fertile ground for home analysis.
}) 10... Qg6 11. Bh5 Qd3 12. N4f3 $1 Bxe3 13. Nxe5 Qxd2 14. Bxf7+ Kf8 15. fxe3
Qxe3+ (15... Qxd1 16. Raxd1 d6 17. e4 $18) 16. Kh1 Qxe5 17. Bg6+ Kg8 18. Qb3+
d5 19. Rae1 $18 {looks like a throwback to the romantic era.})) 6. Nc3 Bb4 7.
Be2 Bxc3+ 8. bxc3 Qxe4 {Black chooses his poison.} 9. O-O Nf6 10. Bd3 (10. Nb5
{is a standard method of causing Black discomfort when the queen has gone for
a walk.} Kd8 (10... Qe5 $4 11. Bd4 Nxd4 12. cxd4 Qf4 13. g3 $18) 11. Re1 d6 12.
Bf3 {with a ton of development and Black's king caught in the center. White
can claim more than adequate compensation for a pawn and queenside structural
weaknesses. Those, after all, only show up as a deficit in the endgame.}) 10...
Qe5 (10... Qd5 11. Nb5 Kd8 12. c4 $16) 11. Re1 O-O 12. Nf5 ({Now that the
black king has successfully escaped to the kingside, White redirects to
kingside attack mode. However,} 12. Nb5 {still appears a strong option.}) 12...
Qxc3 $2 ({One of Karl Schoffstoll's sayings, back in the day, was "I may be a
fool, but I'm a greedy fool!" Much safer is} 12... d6 13. Bh6 (13. Nxg7 $4 {
loses instantly to} Ng4) 13... Qxc3 14. Nxg7 (14. Bxg7 $4 Bxf5 15. Bxf8 Bxd3
$19) 14... Ng4 {with possible complications. For example:} 15. Qf3 Qf6 (15...
Kh8 16. Qxf7 $1 Bd7 $1 17. Qxd7 Nce5 $1 18. Qe7 Nxh6 19. Ne6 Rf7 20. Qh4 Nf5
$13) 16. Qxf6 Nxf6 17. h3 Bd7 $13) 13. Bd2 Qc5 14. Qf3 d6 (14... g6 15. Bg5 $16
) 15. Nxg7 $3 {Smashing the black king's cover.} Ng4 (15... Kxg7 $4 16. Bh6+
Kg8 17. Qxf6 Qd4 18. Qg5+ Kh8 19. Bxf8 $18) 16. Nf5 Bxf5 17. Bxf5 Nge5 18. Qh5
Ng6 19. Re3 Rfe8 20. Rh3 Re2 21. Be3 (21. Qxh7+ Kf8 22. Bh6+ Ke7 23. Re3+ Rxe3
24. Bxg6 $1 $18 {with a monster attack.}) ({Black is hoping for} 21. Qxe2 Qxf5
{, when White is merely winning.}) 21... Qe5 22. Rf1 Rxe3 $5 (22... Kf8 23.
Bxg6 Qxh5 24. Bxh5 Rxc2 25. Re1 $18) 23. fxe3 $2 (23. Qxh7+ Kf8 24. Bxg6 $18)
23... Qg7 24. Rg3 Re8 25. Qd1 {Simple plan: push the h-pawn.} Re5 26. h4 Qh6
27. h5 Rxe3 $2 (27... Nce7 28. e4 $18) 28. Rff3 $2 (28. Qd2 {pins the rook and
ends all hope for Black.}) 28... Rxf3 29. Qxf3 Nd4 (29... Nce5 30. Qe2) 30. Qf2
$4 ({Now things go from bad to worse for White, who turns a crushing attack
into a miserable loss in the space of just a couple moves.} 30. Qg4 $18) 30...
Qxh5 31. Bxg6 Qd1+ 32. Qf1 $4 (32. Kh2 hxg6 33. Rh3 Nf5 34. Qxa7 Kg7 35. Qxb7
$13) 32... Ne2+ 33. Kh2 (33. Kf2 {doesn't help.} Qxf1+ 34. Kxf1 Nxg3+ 35. Kf2
hxg6 $19) 33... Qxf1 34. Rg4 (34. Bd3+ Nxg3 35. Bxf1 Nxf1+) 34... Qg1+ 35. Kh3
Qh1# {Ah, the joys of online chess.} 0-1

[Event "2021 WA State Championship"]
[Site "Chess.com"]
[Date "2021.02.13"]
[Round "2"]
[White "He, Anthony"]
[Black "Mahajan, Rushaan"]
[Result "1-0"]
[ECO "B15"]
[WhiteElo "2500"]
[BlackElo "2221"]
[Annotator "Anthony He"]
[PlyCount "47"]
[EventDate "2021.??.??"]
[TimeControl "3600+10"]

1. e4 c6 2. d4 d5 3. Nc3 dxe4 4. Nxe4 Nf6 5. Nxf6+ exf6 6. c3 Bd6 7. Bd3 O-O 8.
Qc2 Re8+ 9. Ne2 h5 $1 {Known to be the best in terms of modern theory.} 10. O-O
h4 11. Nf4 $5 {[%cal Gc2d1,Gd1h5] An interesting idea I came up with. The
point is to exploit the movement of the h-pawn and pretty much just attack the
king.} Nd7 12. Qd1 Nf8 (12... Qc7 13. g3 {Doesn't really help Black honestly.})
13. Qh5 f5 $5 {This wasn't something I expected but the more I looked at it
the more reasonable it seemed.} (13... g6 $6 14. Nxg6 $1 {Most clear and
concise.} (14. Qh6 $5 Bxf4 15. Bxf4 h3 16. Rfe1 Qd5 17. gxh3 Bf5 $13 {[%cal
Gf8e6] Less clear. White should be betetr still but it's not easy at all.})
14... fxg6 15. Bxg6 Be6 (15... Re7 16. Bh6 $16 {[%cal Gf1e1] Is just really
bad for Black.}) 16. Re1 Qd7 17. Bxe8 Rxe8 18. Qxh4 $14 {This is close to
equal but in both an objective and practical sense White has the edge, due to
it being easier to play and the material "advantage."}) 14. Bd2 (14. Bxf5 $4 {
I nearly played this move expecting g6, but then realized I actually just lose
a piece.} Bxf4 $1 15. Bxc8 (15. Bxf4 g6 $19) 15... Bxc1 16. Bxb7 Bxb2 17. Bxa8
Bxa1 18. Bxc6 Re6 19. Bd5 g6 20. Qf3 Rf6 $19) (14. Nh3 $5 {[%cal Gh3g5,Gh5h4]
This move was also a consideration but I wasn't so sure beacuse Ng5 doesn't
really pose a threat} Qc7 15. Ng5 Bxh2+ 16. Kh1 Bd6 17. Qxh4 b5 $1 $13 {
The point is to stop g3-Kg2-Rh1 manuevers by preparing Bb7 + c5+. I didn't
really feel like entering these types of positions.}) 14... g6 15. Qh6 Nh7 $4 {
This was a mistake which I wasn't expecting. He spent around 20 minutes on
this move and that was when I started to realize he must have been considering
Nh7 + Bf8 ideas but missed the next move.} (15... Qf6 $1 {The move I was
expecting. It's not so easy to play though because it runs straight into Nh5,
but there is nothing direct for White. White is still += though.} 16. Rfe1 $1 {
White should take it slow and play with a better pawn structure.} (16. Nh5 $6 {
Tempting but does nothing.} Qh8 17. Rfe1 {Some variations I was looking at.}
Ne6 18. Qxh8+ Kxh8 19. Nf4 $11 {White has literally nothing here.} (19. Nf6 $4
Rd8 $19 {[%cal Gh8g7,Gd6e7] White can't save the knight.} 20. d5 cxd5 21. Nxd5
Bxh2+ 22. Kxh2 Rxd5 )) 16... Be6 (16... Bd7 17. Nh3 $1 $16 {
[%cal Gd2g5] The simple way to just get a pawn.} (17. Nh5 $5 {Now and only
know is this good because the d7 bishop will be under attack.} Qh8 18. Qxh8+
Kxh8 19. Nf6 Rxe1+ 20. Rxe1 Be6 21. Bg5 h3 $14 {This is unclear. White's
probably still better but there's really no point to go for it.}) 17... Ne6 18.
Ng5) 17. c4 Qh8 18. Qxh8+ Kxh8 19. g3 $14 {This is easier and much more
pleasant with White pieces.}) 16. Bc4 $1 {Move I"m guessing he missed.} Bxf4 $6
{Black was already dead lost but this made the task simpler.} (16... Qf6 {
The only chance, even though I can get a pawn for no compensation.} 17. Qxg6+ (
17. Rfe1 {Also good too.} Bd7 18. Qxg6+ Qxg6 19. Nxg6 $18) (17. Nxg6 $4 Be6 $19
{And the tables turn.}) 17... Qxg6 18. Nxg6 h3 19. Rfe1 $18) (16... Bf8 17.
Qxg6+ $18) 17. Bxf7+ Kxf7 18. Qxh7+ Ke6 (18... Kf8 19. Bxf4 g5 {The best
chance but still hopeless nevertheless.} 20. Be5 $18) 19. Qxg6+ Kd5 20. Bxf4 {
Mate comes soon.} Be6 21. Rfe1 Qd7 22. Re5+ Kc4 23. Rc5+ Kd3 24. Qh5 1-0

[Event "2021 WA State Championship"]
[Site "Chess.com"]
[Date "2021.02.15"]
[Round "7"]
[White "Vijaykumar, Advaith"]
[Black "He, Anthony"]
[Result "0-1"]
[ECO "A48"]
[WhiteElo "2026"]
[BlackElo "2500"]
[Annotator "Anthony He"]
[PlyCount "48"]
[EventDate "2021.??.??"]
[TimeControl "3600+10"]

1. d4 Nf6 2. Nf3 g6 3. e3 Bg7 4. Be2 O-O 5.
O-O {Not what I expected from my opponent, but it's a rather timid approach
and White can't really expect much from such lines. However, the point I
assume is to prevent Black from getting Grunfeld type positions by refraining
from putting his knight on c3.} b6 6. b3 $6 {I don't get the point of this,
since this doesn't contribute to the idea behind playing e3 Be2.} (6. c4 $5 {
Probably the expected approach, even though White eventually has to go Nc3
sooner or later.} Bb7 (6... d5 $4 7. cxd5 Nxd5 {For example, if I were to play
in the spirit of Grunfeld, White gets a comfortable edge beacuse his knight is
not yet on c3.} 8. e4 Nf6 9. Nc3 $16 {I had no option to go Nxc3 after e4.}) 7.
Nc3 d5 8. cxd5 Nxd5 $11 ) 6... Bb7 7. Bb2 c5 8. c4 e6 $5 {I
decided to play such positions. This is basically Reti in reverse but I'm down
a tempo. However I believed this was still playable as the pawn structure is
very flexible.} 9. Nc3 d6 10. Qc2 Qe7 11. Rfd1 a6 {Just prophylaxis against
dxc5 + Nb3 ideas.} 12. e4 $2 {[%csl Rb2,Re4] I think this is the first mistake.
First of all it wastes a tempo by going e3-e4. Additionally, his bishop is not
so well placed on b2 and in Maroczy/hedgehog structures his bishop should be
on e3. Finally, it willingly puts a target on e4 already attacked by both my
f6 knight and b7 bishop.} (12. Rac1 {[%cal Gc2b1,Gb1a1] Could have been a
better and more normal idea.} Rd8 $11 {[%cal Gb8d7,Ga8c8] Nothing crazy is
going on but I think Black's position is relatively pleasant.}) 12... cxd4 13.
Nxd4 Nbd7 14. b4 $2 {Another mistake. Again, such ideas rarely work and are
only supported if the bishop is on e3. In this case, this just creates another
weakness on c4 and b5 is never seriously considerable.} (14. Bf1 $1 {I believe
this is probably best, just trying to consolidate and prepare against d5/b5
breaks while preparing Re1 if needed.} Rac8 15. Qe2 Rfd8 $13 {[%cal Gd6d5]
Black will play for d5 in the long term.} (15... Rfe8 16. f3 h5 $13 {[%cal
Gd7e5,Gf6d7,Gg6g5] Typical hedgehog position.})) 14... Rac8 $6 (14... Rfc8 $1 {
Intuitively I felt that this somehow was more accurate than Rac8 because it
completely stops b5 ideas due to the rook being on a8, but I liked the idea of
Rac8 + Rfd8 and then breaking open with d5.} 15. b5 (15. Bf1 Ne5 ) (15. Rac1 Bh6 16. Rb1 Ne5 17. b5 Bg7 18. Bf1 Nxc4 19. Bc1 Ng4 20. h3
Nge5 21. bxa6 Bxa6 $19) 15... Ne5 16. bxa6 Bxa6 17. Ncb5 Bb7 18. f3 d5 {
Now we see the difference. With the rook on a8 White has no Ba3. However if I
went Rac8 White would have Ba3 here.}) 15. f3 $2 {Game is pretty much decided
after this final innacuracy.} (15. b5 $1 {He had to take advantage of this
moment to play b5, otherwise b4 was totally pointless. In deeper lines we see
the innacuracy behind Rac8.} Ne5 (15... Rfd8 16. bxa6 Bxa6 17. Ndb5 Nc5 18. f3
h5 $15 {Is still better for Black but less clear.}) 16. bxa6 Bxa6 17. Ncb5 Bb7
18. f3 Rfd8 (18... d5 {No longer possible since our rook gave up control of
the a3 square.} 19. Ba3) 19. Ba3) 15... d5 {Critical move.} 16. exd5 exd5 17.
Qb3 (17. cxd5 {The best try.} Qe3+ (17... Qxb4 $5 {Adequate as well.} 18. Qb3
Qa5 19. Nc6 Bxc6 20. dxc6 Rxc6 21. Nd5 Nxd5 22. Bxg7 Kxg7 23. Rxd5 Nc5 24. Qb2+
Kg8 $17 {White will suffer but has hopes of holding at least.}) 18. Kh1 Nxd5
19. Nxd5 Rxc2 20. Nxe3 Rxb2 21. Ndc2 Bc8 22. Rdb1 b5 $17 {[%cal Gf8e8,Gd7b6]
Black is much better still but it will require some technical work.}) 17...
dxc4 18. Bxc4 Ne5 19. Bf1 Rfd8 {[%cal Gd8d4,Ge5f3,Ge7e3] All sorts of
sacrifices hang in the air.} 20. Nc2 $2 {Losing, but it was difficult to
suggest another move.} (20. Na4 Nd5 $17 )
20... Bxf3 $19 {[%csl Ra1,Rb2,Rb3,Rc2,Rc3] Such moves should be able to be
played without thinking. Even if you don't calculate everything you can see
White's knight, queen, bishop, and rook on the queenside and quickly deduce
this is mate.} 21. gxf3 Nxf3+ {Critical move.} 22. Kf2 Nd2 {Nice and simplest
resource.} 23. Rxd2 (23. Qa3 Ng4+ $19 ) 23... Rxd2+ 24. Be2
$6 (24. Kg1 Ng4 $19) 24... Rxc3 0-1

[Event "Invitational"]
[Site "Chess.com"]
[Date "2021.02.15"]
[Round "7"]
[White "Ackerman, Ryan"]
[Black "Bian, Erin"]
[Result "0-1"]
[ECO "E12"]
[WhiteElo "1922"]
[BlackElo "1795"]
[Annotator "Ryan Ackerman"]
[PlyCount "78"]
[EventDate "2021.02.13"]
[EventType "tourn"]
[EventRounds "9"]
[TimeControl "3600+10"]

1. d4 Nf6 2. c4 e6 3. Nf3 b6 4. Bg5 h6 5. Bh4 c5 6. d5 $1 d6 7. Nc3 Be7 {
"Is 8. e4 playable?" is the question I asked myself. I answered this question
erroneously which became the basis for my illogical decision thereafter. 
[diagram]} 8. Bxf6 $6 (8. e4 $1 Nxd5 $6 9. exd5 Bxh4 10. Nxh4 Qxh4 11. dxe6 $1)
8... Bxf6 9. Qc2 Bxc3+ 10. Qxc3 O-O $10 11. e4 e5 12. Bd3 Nd7 {The knight is
beckoned by the f4 square. It's a match made in heaven but Lord Capulet wants
to hinder this development from happening. What's the best way to do so? 
[diagram]} 13. g4 $6 (13. Nd2 $1 Nf6 14. Be2 $1) 13... Re8 14. Rg1 {Despite
the aggressive tonality of this plan I was well aware that black is already
slightly better and a draw would be an acceptable result for me.} Nf8 15. g5 h5
16. h4 $5 Ng6 17. Be2 Bg4 18. Nh2 $6 {My small errors are slowly adding up and
it seems I'm unwittingly allowing Biam to outplay me positionally. But her
triumph this game had more to do with superior calculation: I thought the pawn
on h4 was taboo. It wasn't.} (18. O-O-O $1 Nf4 19. Rde1 a6 20. Kb1 b5 21. Bf1
Bxf3 22. Qxf3 Qa5 23. Be2 Reb8 24. Rc1 Rb6 25. Rc2 bxc4 26. Bxc4 Rab8 27. Rgc1
Qb4 28. Bb3 Qd4 $15) 18... Bxe2 19. Kxe2 Nxh4 $1 20. Nf1 (20. Qh3 $2 Ng6 $1 {
Whoops. I didn't look far enough.}) 20... Ng6 21. Kd2 Nf4 $17 {Lord Capulet:
*smh*} 22. Ne3 g6 23. Rg3 $1 a6 24. Ng2 Nxg2 25. Rxg2 b5 26. b3 $5 (26. Rh1 {
Might've been more resilient.} bxc4 {although defensive measures are still
mandatory for some time. White cannot do a hail marry:} 27. Kc1 $1 (27. Rgh2 $4
Qxg5+ $19) (27. Qf3 Qa5+ 28. Kc2 Qxa2 $19) 27... Rb8 28. f3 Rb4 29. Kb1 Qb6 30.
Rf1 Rb8 31. f4 exf4 32. Rxf4 Qa5 33. Rf3 Ra4 34. Qxa5 Rxa5 35. Rf6 {Keeping
black's advantage to a minimum; albiet still a significant one after:} c3 $1
36. Rxd6 h4 $1) 26... bxc4 27. Qxc4 Qa5+ 28. Qc3 Qxc3+ 29. Kxc3 Rab8 30. a3 $5
a5 31. Rg3 Rb5 $1 {[%eval -167,0] HIARCS} 32. Kc4 Reb8 33. Rf3 Kg7 34. Rh1 $2 {
34. Rb1 would've kept matters more complicated. But I had less then 10 minutes
remaining and I made a major oversight as a result of misevaluating the
viability of:} a4 $1 $19 {She outplayed me.} 35. bxa4 Ra5 36. Rb3 Rxa4+ 37. Kc3
Rba8 38. Ra1 R8a6 39. Kb2 $2 Rxe4 {ErinBian won by checkmate} 0-1